 Dungeon Crawl Stone Soup version 0.24.1-14-gf8d2b509d9 (console) character file.

Game seed: 4154906310626051835, levelgen mode: deterministic

56724 Kagalorn the Cruncher (level 14, -9/129 HPs)
             Began as a Minotaur Wanderer on Feb 25, 2021.
             Was the Champion of the Shining One.
             Mangled by a chaos spawn (12 damage)
             ... on level 2 of the Orcish Mines.
             The game lasted 00:47:30 (16974 turns).

Kagalorn the Cruncher (Minotaur Wanderer)          Turns: 16974, Time: 00:47:31

Health: -9/129     AC: 30    Str: 22    XL:     14   Next: 43%
Magic:  23/23      EV:  7    Int: 11    God:    the Shining One [******]
Gold:   888        SH:  0    Dex:  8    Spells: 13/13 levels left

rFire    . . .     SeeInvis .   a - +3 quarterstaff (crush)
rCold    . . .     Gourm    .   (shield currently unavailable)
rNeg     + + +     Faith    .   T - +0 crystal plate armour
rPois    .         Spirit   .   (helmet restricted)
rElec    .         Reflect  .   x - +0 cloak
rCorr    .         Harm     .   Z - +2 pair of gloves
MR       +....                  (no boots)
Stlth    ..........             (no amulet)
HPRegen  0.31/turn              I - +3 ring of protection
MPRegen  0.18/turn              k - +6 ring of slaying

@: about to teleport, glowing
A: retaliatory headbutt, horns 2
a: Divine Shield, Cleansing Flame, Summon Divine Warrior, Brand Weapon With Holy
Wrath, Renounce Religion


You were on level 2 of the Orcish Mines.
You worshipped the Shining One.
The Shining One was exalted by your worship.
You were not hungry.

You visited 3 branches of the dungeon, and saw 18 of its levels.
You visited 1 bazaar.

You collected 1500 gold pieces.
You spent 612 gold pieces at shops.

Inventory:

Hand Weapons
 a - a +3 quarterstaff of crushing (weapon)
 b - a +5 morningstar
 w - a +4 scimitar of flaming
Missiles
 h - 241 stones (quivered)
 p - 4 silver boomerangs
 y - 67 bolts
 z - 253 arrows
 D - 151 sling bullets
 L - 7 throwing nets
 S - 12 boomerangs
Armour
 i - the +1 buckler "Ituoqon" {rC+}
   (You acquired it on level 8 of the Dungeon)

   It protects you from cold.
 x - a +0 cloak (worn)
 O - a +2 leather armour of poison resistance
 P - the +0 chain mail "Noruucuisu" {rC+}
   (You found it on level 9 of the Dungeon)

   It protects you from cold.
 T - a +0 crystal plate armour (worn)
 Y - the +4 scale mail of the Gardener {rCorr Str+2 Dex+4, unknown}
   (You found it on level 15 of the Dungeon)

   It affects your strength (+2).
   It affects your dexterity (+4).
   It provides partial protection from all sources of acid and corrosion.
 Z - a +2 pair of gloves (worn)
Jewellery
 k - a +6 ring of slaying (right hand)
 o - a +3 ring of intelligence {unknown}
 s - an uncursed ring of ice
 B - an uncursed ring of ice
 E - an uncursed ring of protection from fire
 I - a +3 ring of protection (left hand)
 Q - a +2 ring of evasion
 U - an uncursed ring of flight
Wands
 r - a wand of iceblast (10)
 K - a wand of digging (7)
 W - a wand of flame (26)
Scrolls
 g - 6 scrolls of amnesia
 j - 3 scrolls of enchant weapon
 l - a scroll of fog
 m - 3 scrolls of blinking
 n - 9 scrolls of remove curse
 q - a scroll of magic mapping
 H - a scroll of silence
 R - 2 scrolls of enchant armour
 X - 2 scrolls of fear
Potions
 c - a potion of might
 d - 4 potions of lignification
 e - 5 potions of brilliance
 t - 3 potions of agility
 v - 2 potions of cancellation
 A - 2 potions of ambrosia
 C - 9 potions of curing
 J - 2 potions of berserk rage
 M - 4 potions of mutation
 V - 4 potions of heal wounds
Comestibles
 f - 24 rations


   Skills:
 + Level 13.2 Fighting
 - Level 14.0 Staves
 - Level 1.0 Throwing
 + Level 13.2 Armour
 - Level 10.0 Dodging
 + Level 13.8 Invocations
 - Level 1.0 Evocations


You had 13 spell levels left.
You didn't know any spells.
Your spell library contained the following spells:

 Spells                   Type           Power        Failure   Level  Hunger
 Animate Skeleton         Necr           N/A          100%        1    ##.....
 Apportation              Tloc           #.....       100%        1    ##.....
 Corona                   Hex            #......      100%        1    ##.....
 Freeze                   Ice            #...         100%        1    ##.....
 Pain                     Necr           #...         100%        1    ##.....
 Shock                    Conj/Air       #...         100%        1    ##.....
 Summon Butterflies       Summ           #.......     100%        1    ##.....
 Ensorcelled Hibernation  Hex/Ice        #.....       100%        2    ###....
 Swiftness                Chrm/Air       #.......     100%        2    ###....
 Throw Frost              Conj/Ice       #.....       100%        2    ###....
 Confuse                  Hex            #.......     100%        3    ####...
 Dazzling Spray           Conj/Hex       #.....       100%        3    ####...
 Lesser Beckoning         Tloc           #.........   100%        3    ####...
 Ozocubu's Armour         Chrm/Ice       #.......     100%        3    ####...
 Recall                   Summ/Tloc      N/A          100%        3    ####...
 Regeneration             Chrm/Necr      #.........   100%        3    ####...
 Static Discharge         Conj/Air       #.......     100%        3    ####...
 Tukima's Dance           Hex            #.......     100%        3    ####...
 Vampiric Draining        Necr           #.........   100%        3    ####...
 Airstrike                Air            #.........   100%        4    #####..
 Animate Dead             Necr           N/A          100%        4    #####..
 Summon Ice Beast         Ice/Summ       #.......     100%        4    #####..
 Throw Icicle             Conj/Ice       #.......     100%        4    #####..
 Alistair's Intoxication  Tmut/Pois      #.......     100%        5    ######.
 Borgnjor's Vile Clutch   Necr/Erth      #.........   100%        5    ######.
 Lightning Bolt           Conj/Air       #.........   100%        5    ######.
 Death Channel            Necr           #.........   100%        6    #######
 Invisibility             Hex            #.......     100%        6    #######
 Simulacrum               Ice/Necr       #.........   100%        6    #######


Dungeon Overview and Level Annotations

Branches:
Dungeon (15/15)            Temple (1/1) D:4            Lair (0/6) D:8
    Orc (2/2) D:10            Elf (0/3) Orc:2        Vaults (0/5) D:14
 Depths (0/5) D:15

Altars:
Ashenzari
Cheibriados
Dithmenos
Elyvilon
Fedhas
Gozag
Hepliaklqana
Kikubaaqudgha
Makhleb
Nemelex Xobeh
Okawaru
Qazlal
Ru
Sif Muna
Trog
Uskayaw
Vehumet
Wu Jian
Xom
Yredelemnul
Zin
The Shining One

Shops:
D:13 ([((*   D:15 [   Orc:1 :

Portals:
Trove: D:12 (give +2 shadow dragon scales)

Annotations:
D:13 4 runed translucent doors
Orc:2 1 runed translucent door, kalodont's ghost, journeyman KoEn


Innate Abilities, Weirdness & Mutations

You reflexively headbutt those who attack you in melee.
You have a pair of horns on your head.


Message History

You swap places.
The orc priest barely misses your daeva.
You hit the orc knight.
The orc knight is lightly wounded.
Your daeva blocks the orc priest's attack.
Unknown command.
As you read the scroll of teleportation, it crumbles to dust.
You feel strangely unstable.
Your daeva hits the orc with a +5 scimitar of holy wrath!!
The orc dies!
The orc knight roars a battlecry!
The orcs go into a battle-frenzy!
Your daeva blocks the orc priest's attack.
The orc priest invokes the aid of Beogh against you.
Beogh smites you!
* * * LOW HITPOINT WARNING * * *
The chaos spawn hits you.
* * * LOW HITPOINT WARNING * * *
The chaos spawn freezes you!
You die...

$...###.#o..#.##
. ##)†o6.....# .
##.))#o#.#... .
##.).##oo. #
##..)## o#..#
##).A## ###..#
##.#.## #o.#
#..o## #..
##.#@## 6#
##4.A## ##ooo#
##.o.# # ##.oo#
#. ##.oo# #..
...4# .. .#..o.
. # .....o. ##


You could see an orc knight, a hellwing, a chaos spawn, an orc warrior, 2 orc
priests, 6 orcs and a friendly daeva.

Vanquished Creatures
  Gastronok (D:8)
  A stone giant (Orc:2)
  An ironheart preserver (D:13)
  A dire elephant (D:15)
  Snorg (D:12)
  A rakshasa (D:14)
  Erolcha (D:9)
  Harold (D:9)
  A centaur warrior (D:13)
  Fannar (Orc:1)
  Erica (Orc:1)
  5 two-headed ogres
  A tengu warrior (D:14)
  5 orc high priests
  4 skeletal warriors
  2 unseen horrors
  A wizard (D:13)
  2 orc knights
  A deep elf mage (D:14)
  A wolf spider zombie (D:15)
  18 ugly things
  A cyclops (D:14)
  3 manticores
  A salamander (D:15)
  Joseph (D:8)
  A centaur zombie (D:11)
  Psyche (D:12)
  4 centaur skeletons
  7 gargoyles
  A redback zombie (D:15)
  A freezing wraith (D:14)
  A kobold demonologist (D:11)
  An efreet (D:13)
  4 hornets
  A polar bear (shapeshifter) (D:13)
  14 trolls
  A jumping spider (shapeshifter) (D:14)
  Prince Ribbit (D:6)
  5 slime creatures (D:15)
  Grinder (D:5)
  2 meliai zombies (D:14)
  3 hippogriffs
  3 shadows
  A wyvern (D:9)
  A centaur simulacrum (D:14)
  3 wraiths
  A human (D:9)
  A fire bat (shapeshifter) (D:15)
  A vampire (D:10)
  Eustachio (D:5)
  A vampire mosquito (D:15)
  11 yaks
  Grum (D:10)
  2 hogs (D:9)
  A basilisk (D:14)
  2 steam dragons
  4 wargs
  An acid dragon (D:11)
  4 sky beasts
  An eye of draining (shapeshifter) (D:11)
  2 ice beasts
  5 black bears
  3 necrophages
  24 orc warriors
  2 hornet zombies
  3 wolves (D:10)
  4 phantoms
  A crocodile (D:9)
  6 ogres
  2 centaurs
  3 big kobolds
  7 bullfrogs
  3 scorpions
  9 wights
  3 electric eels
  A howler monkey (D:6)
  3 crimson imps
  3 bullfrog zombies
  19 orc priests
  7 hounds
  A gnoll shaman (D:7)
  2 bullfrog skeletons
  2 jellies
  22 orc wizards
  An iguana (D:6)
  10 worker ants
  A hound skeleton (D:10)
  A howler monkey skeleton (D:10)
  9 gnolls
  11 adders
  2 shadow imps
  6 oozes
  7 worms
  2 dart slugs
  5 leopard geckos
  61 orcs
  5 ball pythons
  2 giant cockroaches
  5 goblins
  8 hobgoblins
  13 jackals
  17 kobolds
  4 quokkas
  9 bats
  4 frilled lizards
  A leopard gecko zombie (D:6)
  A quokka skeleton (D:6)
  9 rats
477 creatures vanquished.

Vanquished Creatures (collateral kills)
  An orc high priest (Orc:2)
  A sun demon (Orc:2)
  A torturous demonspawn (Orc:2)
  An orange demon (Orc:2)
  A chaos spawn (Orc:2)
  5 orc warriors (Orc:2)
  4 orc priests (Orc:2)
  An orc (Orc:2)
15 creatures vanquished.

Vanquished Creatures (others)
  A steam dragon (D:7)
  An ice beast (D:9)
  A plant (D:8)
3 creatures vanquished.

Grand Total: 495 creatures vanquished

Notes
Turn   | Place    | Note
-------+----------+-------------------------------------------
     0 | D:1      | Kagalorn the Minotaur Wanderer began the quest for the Orb.
     0 | D:1      | Kagalorn set off with the following items: a +0
                  | quarterstaff, 3 throwing nets, a +0 leather armour, a
                  | potion of lignification, a ration
     0 | D:1      | Reached XP level 1. HP: 18/18 MP: 0/0
    34 | D:1      | Reached XP level 2. HP: 16/25 MP: 1/1
   151 | D:1      | Reached skill level 3 in Staves
   242 | D:1      | Reached XP level 3. HP: 22/30 MP: 2/2
   650 | D:2      | Reached XP level 4. HP: 38/38 MP: 3/3
   707 | D:2      | Reached skill level 4 in Staves
   978 | D:2      | Found a glowing golden altar of the Shining One.
   993 | D:2      | Became a worshipper of the Shining One
  1143 | D:2      | Reached XP level 5. HP: 23/45 MP: 4/4
  1250 | D:2      | Found an ancient bone altar of Kikubaaqudgha.
  1853 | D:3      | Found a shattered altar of Ashenzari.
  1853 | D:3      | Found a stormy altar of Qazlal.
  1854 | D:3      | Found a snail-covered altar of Cheibriados.
  2119 | D:4      | Noticed an ogre
  2137 | D:4      | Killed an ogre
  2137 | D:4      | Reached skill level 5 in Staves
  2137 | D:4      | Reached skill level 1 in Invocations
  2137 | D:4      | Reached XP level 6. HP: 45/52 MP: 5/5
  2282 | D:4      | Found a staircase to the Ecumenical Temple.
  2701 | D:4      | Found a sparkling altar of Nemelex Xobeh.
  2907 | Temple   | Entered the Ecumenical Temple
  3125 | D:5      | Entered Level 5 of the Dungeon
  3206 | D:5      | Noticed Grinder
  3511 | D:5      | Paralysed by Grinder for 3 turns
  3518 | D:5      | Paralysed by Grinder for 6 turns
  3527 | D:5      | Paralysed by Grinder for 4 turns
  3537 | D:5      | Killed Grinder
  3537 | D:5      | Reached skill level 5 in Armour
  3537 | D:5      | Reached XP level 7. HP: 60/60 MP: 7/7
  3756 | D:5      | Found a hazy altar of Hepliaklqana.
  3761 | D:5      | Reached skill level 6 in Staves
  3838 | D:5      | Noticed Eustachio
  3854 | D:5      | Killed Eustachio
  4159 | D:6      | Noticed Prince Ribbit
  4165 | D:6      | Reached skill level 5 in Fighting
  4365 | D:6      | Reached skill level 7 in Staves
  4365 | D:6      | Reached XP level 8. HP: 64/68 MP: 9/9
  4453 | D:6      | Reached * piety under the Shining One
  4487 | D:6      | Noticed a hippogriff
  4492 | D:6      | Killed a hippogriff
  4877 | D:6      | Found a shimmering blue altar of Sif Muna.
  5137 | D:6      | Killed Prince Ribbit
  5137 | D:6      | Reached skill level 8 in Staves
  5281 | D:7      | Found a shadowy altar of Dithmenos.
  5305 | D:7      | Reached skill level 5 in Dodging
  5391 | D:7      | Reached XP level 9. HP: 65/75 MP: 11/11
  5527 | D:7      | Reached skill level 9 in Staves
  5687 | D:7      | Reached ** piety under the Shining One
  6005 | D:8      | Identified a scroll of acquirement
  6008 | D:8      | Got a polished buckler
  6016 | D:8      | Identified the +1 buckler "Ituoqon" {rC+} (You acquired it
                  | on level 8 of the Dungeon)
  6203 | D:8      | Reached skill level 5 in Invocations
  6316 | D:7      | Reached skill level 10 in Staves
  6401 | D:8      | Found a staircase to the Lair.
  6555 | D:8      | Noticed Gastronok
  6678 | D:9      | Noticed Harold
  6686 | D:9      | Killed Harold
  6686 | D:9      | Reached XP level 10. HP: 75/87 MP: 11/13
  6724 | D:9      | Got a twisted chain mail
  6916 | D:9      | Identified the cursed +0 chain mail "Noruucuisu" {rC+} (You
                  | found it on level 9 of the Dungeon)
  6953 | D:9      | Noticed a two-headed ogre
  6963 | D:9      | Killed a two-headed ogre
  6963 | D:9      | Reached skill level 11 in Staves
  6991 | D:9      | Found an iron altar of Okawaru.
  7121 | D:9      | Noticed Erolcha
  7126 | D:10     | Entered Level 10 of the Dungeon
  7126 | D:10     | Reached *** piety under the Shining One
  7239 | D:9      | Killed Erolcha
  7783 | D:9      | Reached XP level 11. HP: 95/95 MP: 14/14
  7787 | D:9      | Reached skill level 12 in Staves
  8089 | D:10     | Found a staircase to the Orcish Mines.
  8099 | D:10     | Noticed Grum
  8113 | D:10     | Killed Grum
  8472 | D:10     | Noticed an unseen horror
  8482 | D:10     | Killed an unseen horror
  8656 | D:10     | Reached **** piety under the Shining One
  8899 | D:11     | Noticed a two-headed ogre
  8953 | D:11     | Noticed a two-headed ogre
  8978 | D:11     | Killed a two-headed ogre
  8978 | D:11     | Reached skill level 13 in Staves
  9184 | D:11     | Noticed a sixfirhy
  9234 | D:11     | Killed a two-headed ogre
  9234 | D:11     | Reached skill level 10 in Armour
  9684 | D:12     | Found a sparkling altar of Nemelex Xobeh.
  9749 | D:12     | Noticed a red ugly thing
  9761 | D:12     | Killed a red ugly thing
  9778 | D:12     | Noticed Snorg
  9778 | D:12     | Noticed Psyche
  9782 | D:12     | Killed Snorg
  9782 | D:12     | Reached skill level 10 in Fighting
  9782 | D:12     | Reached XP level 12. HP: 106/106 MP: 16/16
  9783 | D:12     | Found a flickering gateway to a bazaar.
  9785 | D:12     | Killed Psyche
  9814 | D:12     | Reached ***** piety under the Shining One
  9868 | Bazaar   | Entered a bazaar
  9897 | Bazaar   | Found Hiojibixyun's Gadget Shop.
  9927 | Bazaar   | Found Xolaur's Gadget Shop.
  9940 | Bazaar   | Found Cofuvek's Distillery.
  9967 | Bazaar   | Found Plog's Distillery.
  9998 | Bazaar   | Bought a potion of curing for 36 gold pieces
  9998 | Bazaar   | Bought a potion of heal wounds for 60 gold pieces
  9998 | Bazaar   | Bought a potion of lignification for 36 gold pieces
  9998 | Bazaar   | Bought a potion of lignification for 36 gold pieces
  9998 | Bazaar   | Bought a potion of heal wounds for 60 gold pieces
  9998 | Bazaar   | Bought a potion of agility for 48 gold pieces
 10018 | Bazaar   | Bought a potion of mutation for 112 gold pieces
 10018 | Bazaar   | Bought a potion of curing for 42 gold pieces
 10018 | Bazaar   | Bought a potion of curing for 42 gold pieces
 10018 | Bazaar   | Bought a potion of heal wounds for 70 gold pieces
 10018 | Bazaar   | Bought a potion of heal wounds for 70 gold pieces
 10238 | D:12     | Reached skill level 14 in Staves
 10508 | D:12     | Found a portal to a secret trove of treasure.
 10613 | D:12     | Reached skill level 10 in Dodging
 10929 | D:8      | Killed Gastronok
 11069 | D:8      | Noticed Joseph
 11078 | D:8      | Killed Joseph
 11233 | D:13     | Found a runed translucent door.
 11248 | D:13     | Found a runed translucent door.
 11258 | D:13     | Found Naadyati's Weapon Boutique.
 11284 | D:13     | Found Eqelud's Antique Weapon Shoppe.
 11308 | D:13     | Reached skill level 10 in Invocations
 11329 | D:13     | Found Mewnous's Armour Shop.
 11333 | D:13     | Found Huxir's Weapon Emporium.
 11662 | D:13     | Found Uruos's Assorted Antiques.
 11705 | D:13     | Found a runed translucent door.
 11715 | D:13     | Noticed a centaur warrior
 11719 | D:13     | Found a runed translucent door.
 11723 | D:13     | Killed a centaur warrior
 11868 | D:13     | Got a scorched buckler
 11869 | D:13     | Identified the +3 buckler of Leoh {-Cast +Fly Int+3} (You
                  | acquired it on level 13 of the Dungeon)
 11917 | D:14     | Noticed a rakshasa
 11963 | D:14     | Noticed a tengu warrior
 11965 | D:14     | Killed a rakshasa
 11975 | D:14     | Killed a tengu warrior
 12241 | D:14     | Reached XP level 13. HP: 113/113 MP: 20/20
 12628 | D:14     | Noticed an ironheart preserver
 12631 | D:14     | Found a gate to the Vaults.
 12694 | D:13     | Killed an ironheart preserver
 13624 | D:15     | Entered Level 15 of the Dungeon
 13868 | D:15     | Found Vicum's Antique Armour Boutique.
 14409 | D:15     | Got a polished scale mail
 14430 | D:15     | Reached ****** piety under the Shining One
 14807 | D:15     | Found a staircase to the Depths.
 14807 | D:15     | Noticed a dire elephant
 14823 | D:15     | Killed a dire elephant
 14832 | D:15     | Reached XP level 14. HP: 103/126 MP: 22/22
 15099 | Orc:1    | Entered Level 1 of the Orcish Mines
 15662 | Orc:1    | Noticed Fannar
 15681 | Orc:1    | Killed Fannar
 15730 | Orc:1    | Noticed Erica
 15747 | Orc:1    | Killed Erica
 15982 | Orc:1    | Found Aruz's Book Shoppe.
 16104 | Orc:2    | Entered Level 2 of the Orcish Mines
 16141 | Orc:2    | Noticed an orc warlord
 16436 | Orc:2    | Found a staircase to the Elven Halls.
 16452 | Orc:2    | Noticed a stone giant
 16713 | Orc:2    | Killed a stone giant
 16867 | Orc:2    | Found a runed translucent door.
 16867 | Orc:2    | Noticed kalodont's ghost (journeyman KoEn)
 16974 | Orc:2    | HP: 3/129 [chaos spawn (5)]
 16974 | Orc:2    | Mangled by a chaos spawn

Levels and vault maps discovered:
D:1:      mrwooster_arrival_statue_2, layout_rooms
D:2:      layout_rooms, tso_metal_star, nicolae_overflow_crystal_walls,
          minmay_randomly_rotated_circles
D:3:      layout_basic, gammafunk_temple_overflow_claw, st_stairs_13
D:4:      layout_basic, nemelex_altar_shiori, minmay_temple_entry_trees
D:5:      layout_rooms, lemuel_coloured_pillars_altar, first_ration,
          minivault_14, uniq_grinder, uniq_eustachio
D:6:      layout_loops_ring, led_sif_book, hangedman_abyss_or_decor_passed,
          serial_bayou_ford_a, minmay_quadrilaterals, uniq_prince_ribbit1
D:7:      cheibrodos_steamvent, layout_basic,
          nicolae_dithmenos_through_a_glass_darkly
D:8:      layout_loops_ring, erik_lair_orcish_takeover,
          kennysheep_generic_room_10, uniq_joseph, uniq_gastronok
D:9:      layout_rooms, kennysheep_mini_moat, grunt_livestock, uniq_harold,
          uniq_erolcha
D:10:     layout_roguey, orc_0_dummy, minmay_misc_feat_plants, uniq_grum
D:11:     layout_loops_ring, minmay_misc_feat_chi, minmay_diamond_spiral
D:12:     cheibrodos_statue_roulette, layout_basic, trove_entry_hex_spiral,
          basic_altar, serial_shops, bzr_entry_road, minmay_orc_keep,
          uniq_snorg, uniq_psyche
D:13:     layout_cave_pools, serial_shops, shop_statue, shop_statue,
          shop_statue, shop, shop, st_stairs_4, kennysheep_cross_room,
          minmay_statue_crystal_thing
D:14:     layout_gridville, skrybe_vaults_entry_preservation,
          minmay_misc_feat_tower
D:15:     hangedman_depths_entry_try_elsewhere_first, layout_cave_pods,
          serial_shops, shop_statue, grunt_decor_mini_mirrors, minivault_16,
          minmay_microvault
Temple:   minmay_temple_bridge_abc
Orc:1:    layout_caves, serial_shops,
          nicolae_shop_temple_entry_statues_fountains, uniq_fannar, uniq_erica
Orc:2:    pf_orc_diabolical, layout_caves, ebering_ghost_inner_flame

Skill      XL: |  1  2  3  4  5  6  7  8  9 10 11 12 13 14 |
---------------+-------------------------------------------+-----
Staves         | 3 4 5 7 8 10 11 13 14 | 14.0
Armour         | 4 5 6 8 9 10 12 13 | 13.2
Fighting       | 3 4 5 6 7 8 10 12 13 | 13.2
Dodging        | 2 3 4 5 6 7 9 10 | 10.0
Invocations    | 1 2 4 5 6 7 11 13 | 13.8
Throwing       | |  1.0
Evocations     | |  1.0

Action                   |  1- 3 |  4- 6 |  7- 9 | 10-12 | 13-15 || total
-------------------------+-------+-------+-------+-------+-------++-------
Melee: Quarterstaff      |    87 |   202 |   290 |   494 |   512 ||  1585
       Headbutt          |    11 |    23 |    51 |    96 |   114 ||   295
       Flail             |       |    18 |       |       |       ||    18
Throw: Stone             |       |     4 |       |     5 |       ||     9
Invok: Divine Shield     |       |       |       |     1 |       ||     1
       Summon Divine War |       |       |       |       |     2 ||     2
 Abil: Evoke Flight      |       |       |       |     1 |       ||     1
  Use: Scroll            |       |     4 |     8 |    10 |     6 ||    28
       Potion            |       |     3 |       |     6 |     2 ||    11
  Eat: Chunk             |       |     8 |     4 |    10 |     3 ||    25
       Ration            |       |       |     2 |     2 |     4 ||     8
Armor: Leather armour    |    16 |       |       |       |       ||    16
       Chain mail        |    41 |   110 |   105 |   163 |       ||   419
       Skin              |       |     4 |       |       |       ||     4
       Plate armour      |       |       |    52 |     6 |       ||    58
       Crystal plate arm |       |       |       |    46 |   338 ||   384
Dodge: Dodged            |    59 |   105 |   116 |   170 |   141 ||   591
Block: Other             |       |       |       |    11 |       ||    11
